 Dungeon Crawl Stone Soup version 0.31-a0-219-g8d62b2e7bb (webtiles) character file.

Game seed: 10248268401417728631

89 qw the Chopper (level 4, -1/28 HPs)
             Began as a Gargoyle Fighter on July 3, 2023.
             Slain by an orc priest
             ... wielding a +0 flail
              (5 damage)
             ... on level 3 of the Dungeon.
             The game lasted 00:00:46 (1848 turns).

qw the Chopper (Gargoyle Fighter)                   Turns: 1848, Time: 00:00:46

Health: -1/28      AC: 10    Str: 21    XL:     4   Next: 55%
Magic:  4/4        EV:  9    Int:  9    God:
Gold:   151        SH:  4    Dex:  9    Spells: 3/3 levels left

rFire   . . .        Y - +0 war axe
rCold   . . .        c - +0 buckler
rNeg    + . .        b - +0 scale mail
rPois   inf          (no helmet)
rElec   +            (no cloak)
rCorr   .            (no gloves)
SInv    .            (no boots)
Will    .....        (no amulet) Stlth
                     (no ring)
HPRegen 0.24/turn    (no ring)
MPRegen 0.09/turn

%: no passive effects
@: about to teleport
A: sickness immunity, AC +3, negative energy resistance 1, electricity
resistance, torment resistance 1, petrification resistance
a: no special abilities


You were on level 3 of the Dungeon.
You visited 1 branch of the dungeon, and saw 3 of its levels.

You collected 151 gold pieces.


Innate Abilities, Weirdness & Mutations

You are immune to sickness and miasma.
Your stone body is resilient. (AC +3)
You are immune to poison.
You resist negative energy. (rN+)
You are resistant to electric shocks. (rElec)
You are resistant to unholy torment.
You are immune to petrification.


   Skills:
 - Level 3.2 Fighting
 + Level 4.2 Axes
 - Level 3.2 Armour
 - Level 3.2 Shields


You had 3 spell levels left.
You didn't know any spells.
Your spell library was empty.

Inventory:

Hand Weapons
 h - a +0 flail
 Y - a +0 war axe (weapon)
Missiles
 k - 3 boomerangs (quivered)
Armour
 b - a +0 scale mail (worn)
 c - a +0 buckler (worn)
 m - a +0 chain mail
Jewellery
 e - a +6 ring of intelligence
Scrolls
 f - a scroll of enchant weapon {unknown}
 g - a scroll of identify
Potions
 a - a potion of haste
 d - a potion of might
 i - a potion of ambrosia {unknown}
 j - a potion of curing
 l - 2 potions of brilliance {unknown}
 o - 3 potions of heal wounds {unknown}
 p - a potion of attraction {unknown}

Dungeon Overview and Level Annotations

Branches:
Dungeon (3/15)

Altars:
Yredelemnul
Zin

Shops:
D:1 (


Message History

You hit the goblin but do no damage.
The goblin is heavily wounded.
The goblin barely misses you.
An orc wizard comes into view. It is wielding a +0 dagger.
The goblin barely misses you.
The orc wizard moves out of view.
You slash the goblin!
You kill the goblin!
An orc priest comes into view. It is wielding a +0 flail.
You completely miss the orc.
The orc priest shouts!
The orc barely misses you.
You closely miss the orc. The orc hits you with a +0 mace.
The orc priest mumbles some strange prayers to Beogh against you.
Beogh smites you!
You hit the orc.
The orc is severely wounded.
You hit the orc but do no damage.
The orc is severely wounded.
You closely miss the orc. The orc hits you but does no damage.
You hit the orc.
The orc is almost dead.
You closely miss the orc. The orc hits you with a +0 whip.
The orc closely misses you.
You barely miss the orc.
The orc is almost dead.
You barely miss the orc. The orc barely misses you.
The orc hits you with a +0 mace. The orc closely misses you.
The orc barely misses you.
The orc priest hits you with a +0 flail.
1847 ||| READING scroll of teleportation.
As you read the scroll of teleportation, it crumbles to dust.
You feel strangely unstable. The orc hits you but does no damage.
You block the orc priest's attack.
You barely miss the orc.
The orc is almost dead.
You barely miss the orc wizard. You hit the orc priest.
The orc priest hits you with a +0 flail.
You die...

#.# #.# ##.#### #
.....#.# #..# .....(.
#..# ..#o... #..#
#.#oo# # #..# #.#
#.#@o#.# #..# #.#
#.#..#.##### #..# #<#
#.#......... #..# #.#
#.##.#.####
####..###.# #.##.#.#
.# ..##...##.# #....#
# #.# ##.#:#.##.##
#.#### #.+
##........###.####...
#.#
#................#
#>#


You could see an orc priest, an orc wizard and 2 orcs.

Vanquished Creatures
  An iguana (D:3)
  2 adders
  A worm (D:2)
  4 bats
  4 endoplasms
  5 giant cockroaches
  7 goblins
  A hobgoblin (D:1)
  5 kobolds
  3 quokkas
  2 ball pythons (D:3)
  2 frilled lizards (D:2)
  4 rats
41 creatures vanquished.

Notes
Turn   | Place    | Note
-------+----------+-------------------------------------------
     0 | D:1      | qw the Gargoyle Fighter began the quest for the Orb.
     0 | D:1      | Reached XP level 1. HP: 14/14 MP: 1/1
     0 | D:1      | 0 ||| qw: Version: 0.3-a-40-ge99b1a8
     0 | D:1      | 0 ||| qw: Game counter: 319
     0 | D:1      | 0 ||| qw: Melee chars always use a shield: true
     0 | D:1      | 0 ||| qw: God list: Okawaru
     0 | D:1      | 0 ||| qw: Allow faded altars: false
     0 | D:1      | 0 ||| qw: Do Orc after clearing Dungeon:15 true
     0 | D:1      | 0 ||| qw: Do second Lair branch before Depths: true
     0 | D:1      | 0 ||| qw: Lair rune preference: random
     0 | D:1      | 0 ||| qw: Goals: Normal, Zot:1-4, Slime:5, God:TSO, Crypt,
                  | Tomb, Abyss, Pan, Hells, Win
     0 | D:1      | 0 ||| PLANNING D:1-11
   293 | D:1      | Reached skill level 2 in Axes
   327 | D:1      | 327 ||| Stepping ~*~*~tactically~*~*~ (stealth).
   334 | D:1      | Reached XP level 2. HP: 16/19 MP: 2/2
   548 | D:1      | Found Heoni's Weapon Shop.
   693 | D:1      | 693 ||| READING scroll labelled KAESHR CEUFY.
   694 | D:1      | 694 ||| READING 2 scrolls labelled NESOETUIGA.
   695 | D:1      | 695 ||| READING scroll labelled DESAPS RUXTIHI.
   696 | D:1      | 696 ||| READING scroll labelled OGI SIEJITZ.
   701 | D:1      | 701 ||| READING scroll labelled YTTAVURISK.
   830 | D:2      | Reached skill level 3 in Axes
   830 | D:2      | Reached XP level 3. HP: 23/23 MP: 3/3
   834 | D:2      | 834 ||| FLEEEEING.
   890 | D:2      | 890 ||| DROPPING +0 club.
   897 | D:2      | 897 ||| Stepping ~*~*~tactically~*~*~ (hiding).
  1220 | D:2      | 1220 ||| READING 2 scrolls labelled FADDIZOTOE.
  1221 | D:2      | 1221 ||| READING scroll labelled ODIUFF ODOMPAS.
  1222 | D:2      | 1222 ||| READING scroll labelled HOYC XAHER.
  1223 | D:2      | 1223 ||| DRINKING 2 ruby potions.
  1224 | D:2      | 1224 ||| READING 2 scrolls of identify.
  1224 | D:2      | 1224 ||| IDENTIFYING amethyst potion
  1225 | D:2      | 1225 ||| DROPPING scroll of revelation.
  1318 | D:3      | Found a basalt altar of Yredelemnul.
  1347 | D:3      | 1347 ||| Stepping ~*~*~tactically~*~*~ (stealth).
  1449 | D:3      | Reached skill level 4 in Axes
  1449 | D:3      | Reached XP level 4. HP: 7/28 MP: 4/4
  1668 | D:3      | Found a glowing silver altar of Zin.
  1707 | D:3      | 1707 ||| Stepping ~*~*~tactically~*~*~ (hiding).
  1708 | D:3      | 1708 ||| Stepping ~*~*~tactically~*~*~ (hiding).
  1846 | D:3      | HP: 6/28 [orc/+0 mace (5)]
  1847 | D:3      | 1847 ||| READING scroll of teleportation.
  1848 | D:3      | Slain by an orc priest

Levels and vault maps discovered:
D:1:      elethiomel_arrival_shortcut, layout_basic, serial_shops, shop
D:2:      layout_rooms
D:3:      layout_loops_ring, mainiacjoe_overflow_24_doors,
          general_overflow_altar, kennysheep_minor_cross,
          kennysheep_generic_room_10

Skill      XL: |  1  2  3 |
---------------+----------+-----
Axes           | 2 3 4 |  4.2
Fighting       | |  3.2
Armour         | |  3.2
Shields        | |  3.2

Action                     |  1- 3 |  4- 6 || total
---------------------------+-------+-------++-------
  Melee: War axe           |    68 |    21 ||    89
  Throw: Boomerang         |    59 |     9 ||    68
    Use: Scroll            |     9 |     1 ||    10
         Potion            |     1 |       ||     1
 Armour: Scale mail        |    36 |    10 ||    46
  Dodge: Dodged            |    29 |     9 ||    38
  Block: Buckler           |    11 |     4 ||    15

Table legend:
 A = Non-vault XP
 B = Vault XP
 C = Vault XP percentage of total XP
 D = Non-vault monster count
 E = Vault monster count
 F = Vault count percentage of total count
                 A         B        C        D         E       F
            +---------+---------+-------+---------+---------+-------
      Total |     128 |       0 |   0.0 |      41 |       0 |   0.0
            +---------+---------+-------+---------+---------+-------
        D:1 |      11 |       0 |   0.0 |       6 |       0 |   0.0
        D:2 |      48 |       0 |   0.0 |      21 |       0 |   0.0
        D:3 |      69 |       0 |   0.0 |      14 |       0 |   0.0
            +---------+---------+-------+---------+---------+-------
